TOP OF THE 1ST |
Tulsa HS As batting - Pitching for Huntsville HS Wasps : LHP Chris Smith
|
Pitching: LHP Chris Smith
|
|
Batting: LHB Ed Ballard
|
0-0: Ball 1-0: Ball 2-0: Ball 3-0: Base on Balls
|
Batting: LHB Matt Clark
|
0-0: Ball 1-0: Foul Ball, location: 2F 1-1: Ball 2-1: Ball 3-1: Foul Ball, location: 2F 3-2: SINGLE (Groundball, 4MD) Ed Ballard to second
|
Batting: RHB Grant Kelly
|
0-0: Ball 1-0: Ball 2-0: Called Strike 2-1: Called Strike 2-2: Strikes out swinging
|
Batting: LHB Edgar López
|
0-0: Called Strike 0-1: Ball 1-1: Foul Ball, location: 2F 1-2: Ball 2-2: Foul Ball, location: 2F 2-2: Ball 3-2: Base on Balls Ed Ballard to third Matt Clark to second
|
Batting: LHB Tim Black
|
0-0: Ball 1-0: Foul Ball, location: 2F 1-1: Ball 2-1: Foul Ball, location: 2F 2-2: Foul Ball, location: 2F 2-2: Foul Ball, location: 2F 2-2: Ball 3-2: SINGLE (Line Drive, 6) Ed Ballard scores Matt Clark to third Edgar López to second Runner from 3rd tries for Home, SAFE, no throw
|
Batting: RHB Joe Lord
|
0-0: Called Strike 0-1: Ball 1-1: Swinging Strike 1-2: Ball 2-2: Ball 3-2: SINGLE (Groundball, 4MD) Edgar López to third Tim Black to second
|
Batting: SHB Daniel Lee
|
0-0: Foul Ball, location: 2F 0-1: Ball 1-1: Ball 2-1: Swinging Strike 2-2: GRAND SLAM HOME RUN (Line Drive, 7LD), Distance : 349 ft
|
Batting: RHB C.J. Pinnock
|
0-0: Called Strike 0-1: SINGLE (Line Drive, 89S)
|
Batting: SHB Walt Gómez
|
0-0: Ball 1-0: Fly out, F9 (Flyball, 9LSF)
|
Batting: LHB Ed Ballard
|
0-0: Called Strike 0-1: Foul Ball, location: 2F 0-2: Ball 1-2: Ball 2-2: Ball 3-2: Base on Balls C.J. Pinnock to second
|
Batting: LHB Matt Clark
|
0-0: Ground out 3-1 (Groundball, 34S)
|
Top of the 1st over - 6 run(s), 5 hit(s), 0 error(s), 2 left on base; Tulsa HS 6 - Huntsville HS 0 |
BOTTOM OF THE 1ST |
Huntsville HS Wasps batting - Pitching for Tulsa HS As : RHP Rick Ledezma
|
Pitching: RHP Rick Ledezma
|
|
Batting: SHB José Chávez
|
0-0: Ball 1-0: SINGLE (Groundball, P) (infield hit)
|
Batting: RHB Esteban Garza
|
0-0: Ball José Chávez steals 2nd base 1-0: Foul Ball, location: 2F 1-1: Called Strike José Chávez is caught stealing 3rd base 1-2: Reached on error, E4 (Groundball, 4M)
|
Batting: RHB Christian Porter
|
0-0: Called Strike 0-1: Called Strike 0-2: Foul Ball, location: 2F 0-2: Ball 1-2: Ball 2-2: SINGLE (Groundball, 56D) Esteban Garza to second
|
Batting: RHB Jesse Pérez
|
0-0: Ball 1-0: Called Strike 1-1: Foul Ball, location: 2F 1-2: Ball 2-2: Ball 3-2: Foul Ball, location: 2F 3-2: Foul Ball, location: 2F 3-2: Foul Ball, location: 2F 3-2: Fly out, F3 (Popup, 34S)
|
Batting: LHB Eddie Nealon
|
0-0: Ground out U3 (Groundball, 34S)
|
Bottom of the 1st over - 0 run(s), 2 hit(s), 1 error(s), 2 left on base; Tulsa HS 6 - Huntsville HS 0 |
TOP OF THE 2ND |
Tulsa HS As batting - Pitching for Huntsville HS Wasps : LHP Chris Smith
|
Batting: RHB Grant Kelly
|
0-0: Hit by Pitch
|
Batting: LHB Edgar López
|
0-0: Ball 1-0: Foul Ball, location: 2F 1-1: Ball Passed Ball! Grant Kelly to second 2-1: Ball 3-1: SINGLE (Groundball, 4D) Grant Kelly to third
|
Batting: LHB Tim Black
|
0-0: Called Strike 0-1: Called Strike 0-2: Ball 1-2: Ball 2-2: Strikes out swinging
|
Batting: RHB Joe Lord
|
0-0: Called Strike 0-1: Foul Ball, location: 2F 0-2: Reached on error, E5 (Groundball, 56) Grant Kelly scores Edgar López to second
|
Batting: SHB Daniel Lee
|
0-0: Called Strike 0-1: Ball 1-1: Called Strike 1-2: Ball 2-2: Ball 3-2: Base on Balls Edgar López to third Joe Lord to second
|
Batting: RHB C.J. Pinnock
|
0-0: Hit by Pitch Edgar López scores Joe Lord to third Daniel Lee to second
|
Pitching: LHP Doug Hicks
|
|
Batting: SHB Walt Gómez
|
0-0: Ball 1-0: Ball 2-0: Ball 3-0: Called Strike 3-1: Called Strike 3-2: Base on Balls Joe Lord scores Daniel Lee to third C.J. Pinnock to second
|
Batting: LHB Ed Ballard
|
0-0: Foul Ball, location: 2F 0-1: Foul Ball, location: 2F 0-2: Fielders Choice at 2nd, 3-6 (Groundball, 34) Daniel Lee scores C.J. Pinnock to third
|
Batting: LHB Matt Clark
|
0-0: Foul Ball, location: 2F 0-1: Ball 1-1: Swinging Strike 1-2: Ball 2-2: Fly out, F6 (Popup, 6)
|
Top of the 2nd over - 4 run(s), 1 hit(s), 1 error(s), 2 left on base; Tulsa HS 10 - Huntsville HS 0 |
BOTTOM OF THE 2ND |
Huntsville HS Wasps batting - Pitching for Tulsa HS As : RHP Rick Ledezma
|
Batting: RHB Jim Mak
|
0-0: Ball 1-0: Called Strike 1-1: SINGLE (Groundball, 4MD)
|
Batting: RHB Peyton Ryan
|
0-0: Ball Wild Pitch! Jim Mak to second 1-0: Ball 2-0: Called Strike 2-1: Foul Ball, location: 2F 2-2: Ball 3-2: Foul Ball, location: 2F 3-2: Foul Ball, location: 2F 3-2: Base on Balls
|
Batting: RHB Roberto Peńa
|
0-0: Called Strike 0-1: Fly out, F6 (Line Drive, 6)
|
Batting: RHB Mike Kennedy
|
0-0: Ball 1-0: Foul Ball, location: 2F 1-1: Called Strike 1-2: Ball 2-2: Ball 3-2: Strikes out swinging
|
Batting: SHB José Chávez
|
0-0: Called Strike 0-1: Foul Ball, location: 2F 0-2: Ball 1-2: Foul Ball, location: 2F 1-2: Ball 2-2: Foul Ball, location: 2F 2-2: Foul Ball, location: 2F 2-2: Foul Ball, location: 2F 2-2: Fly out, F6 (Line Drive, 6)
|
Bottom of the 2nd over - 0 run(s), 1 hit(s), 0 error(s), 2 left on base; Tulsa HS 10 - Huntsville HS 0 |
TOP OF THE 3RD |
Tulsa HS As batting - Pitching for Huntsville HS Wasps : LHP Doug Hicks
|
Batting: RHB Grant Kelly
|
0-0: Ball 1-0: Foul Ball, location: 2F 1-1: Called Strike 1-2: SINGLE (Groundball, 56D)
|
Batting: LHB Edgar López
|
0-0: Ball 1-0: Ball 2-0: Called Strike 2-1: Foul Ball, location: 2F 2-2: Ball 3-2: Base on Balls Grant Kelly to second
|
Batting: LHB Tim Black
|
0-0: Ball 1-0: Called Strike 1-1: Foul Ball, location: 2F 1-2: Foul Ball, location: 2F 1-2: Strikes out swinging
|
Batting: RHB Joe Lord
|
0-0: Called Strike 0-1: Foul Ball, location: 2F 0-2: Ball 1-2: Grounds into double play, 6-4-3 (Groundball, 6)
|
Top of the 3rd over - 0 run(s), 1 hit(s), 0 error(s), 1 left on base; Tulsa HS 10 - Huntsville HS 0 |
BOTTOM OF THE 3RD |
Huntsville HS Wasps batting - Pitching for Tulsa HS As : RHP Rick Ledezma
|
Batting: RHB Esteban Garza
|
0-0: Called Strike 0-1: Ball 1-1: Ball 2-1: Ball 3-1: Swinging Strike 3-2: SINGLE (Groundball, 34D)
|
Batting: RHB Christian Porter
|
0-0: Ball Esteban Garza steals 2nd base 1-0: Ball 2-0: Foul Ball, location: 2F 2-1: Ground out 4-3 (Groundball, 4S) Esteban Garza to third
|
Batting: RHB Jesse Pérez
|
0-0: Ball 1-0: Fly out, F9 (Line Drive, 9S) Runner from 3rd tags up, SCORES, no throw
|
Batting: LHB Eddie Nealon
|
0-0: Ball 1-0: Foul Ball, location: 2F 1-1: Swinging Strike 1-2: Ball 2-2: Foul Ball, location: 2F 2-2: Ball 3-2: Strikes out swinging
|
Bottom of the 3rd over - 1 run(s), 1 hit(s), 0 error(s), 0 left on base; Tulsa HS 10 - Huntsville HS 1 |
TOP OF THE 4TH |
Tulsa HS As batting - Pitching for Huntsville HS Wasps : LHP Doug Hicks
|
Batting: SHB Daniel Lee
|
0-0: Ball 1-0: Foul Ball, location: 2F 1-1: Ball 2-1: Called Strike 2-2: Ball 3-2: Base on Balls
|
Batting: RHB C.J. Pinnock
|
0-0: SINGLE (Line Drive, 89S) Daniel Lee to second
|
Batting: SHB Walt Gómez
|
0-0: Ball 1-0: Swinging Strike 1-1: Swinging Strike 1-2: Ball 2-2: Ball 3-2: Base on Balls Daniel Lee to third C.J. Pinnock to second
|
Batting: LHB Ed Ballard
|
0-0: Called Strike 0-1: Foul Ball, location: 2F 0-2: Ball 1-2: Ball 2-2: Strikes out swinging
|
Pitching: LHP Paul Seymour
|
|
Batting: LHB Matt Clark
|
0-0: Ball Wild Pitch! Daniel Lee scores C.J. Pinnock to third Walt Gómez to second 1-0: Ball 2-0: Called Strike 2-1: Foul Ball, location: 2F 2-2: Ball 3-2: Foul Ball, location: 2F 3-2: Ground out 4-3 (Groundball, 4) C.J. Pinnock scores Walt Gómez to third
|
Batting: RHB Grant Kelly
|
0-0: Ball 1-0: Reached on error, E6 (Groundball, 6M) Walt Gómez scores
|
Batting: LHB Edgar López
|
0-0: Fly out, F7 (Flyball, 7LM)
|
Top of the 4th over - 3 run(s), 1 hit(s), 1 error(s), 1 left on base; Tulsa HS 13 - Huntsville HS 1 |
BOTTOM OF THE 4TH |
Huntsville HS Wasps batting - Pitching for Tulsa HS As : RHP Rick Ledezma
|
Batting: RHB Jim Mak
|
0-0: Called Strike 0-1: Foul Ball, location: 2F 0-2: Foul Ball, location: 2F 0-2: SINGLE (Flyball, 78S)
|
Batting: RHB Peyton Ryan
|
0-0: Called Strike 0-1: Ball 1-1: Ground out U3 (Groundball, 34S) Jim Mak to second
|
Batting: RHB Roberto Peńa
|
0-0: Ball 1-0: Ball 2-0: Called Strike 2-1: Ball 3-1: Base on Balls
|
Pitching: LHP Bill Howard
|
|
Batting: RHB Mike Kennedy
|
0-0: Called Strike 0-1: Foul Ball, location: 2F 0-2: Ball 1-2: Strikes out swinging
|
Batting: SHB José Chávez
|
0-0: Ground out 5-3 (Groundball, 56S)
|
Bottom of the 4th over - 0 run(s), 1 hit(s), 0 error(s), 2 left on base; Tulsa HS 13 - Huntsville HS 1 |
TOP OF THE 5TH |
Tulsa HS As batting - Pitching for Huntsville HS Wasps : LHP Paul Seymour
|
Batting: LHB Tim Black
|
0-0: Called Strike 0-1: Called Strike 0-2: Ball 1-2: Fly out, F8 (Flyball, 8LS)
|
Batting: RHB Joe Lord
|
0-0: Foul Ball, location: 2F 0-1: Ball 1-1: Foul Ball, location: 2F 1-2: Strikes out swinging
|
Batting: SHB Daniel Lee
|
0-0: Ball 1-0: Ball 2-0: Fly out, F8 (Flyball, 8RS)
|
Top of the 5th over - 0 run(s), 0 hit(s), 0 error(s), 0 left on base; Tulsa HS 13 - Huntsville HS 1 |
BOTTOM OF THE 5TH |
Huntsville HS Wasps batting - Pitching for Tulsa HS As : LHP Bill Howard
|
Batting: RHB Esteban Garza
|
0-0: Called Strike 0-1: SOLO HOME RUN (Flyball, 78XD), Distance : 420 ft
|
Batting: RHB Christian Porter
|
0-0: Ball 1-0: Called Strike 1-1: Ball 2-1: Foul Ball, location: 2F 2-2: Ball 3-2: Foul Ball, location: 2F 3-2: Foul Ball, location: 2F 3-2: Base on Balls
|
Batting: RHB Jesse Pérez
|
0-0: Ball 1-0: SINGLE (Groundball, 3D) Christian Porter to second Runner from 2nd tries for 3rd, SAFE, no throw
|
Batting: LHB Eddie Nealon
|
0-0: Ball 1-0: Ball 2-0: Ball 3-0: Called Strike 3-1: SINGLE (Flyball, 78S) Christian Porter scores Jesse Pérez to second
|
Batting: RHB Jim Mak
|
0-0: Ball 1-0: Called Strike 1-1: Foul Ball, location: 2F 1-2: Foul Ball, location: 2F 1-2: Ball 2-2: Strikes out swinging
|
Batting: RHB Peyton Ryan
|
0-0: Ball 1-0: Ball 2-0: Ball 3-0: Called Strike 3-1: Base on Balls Jesse Pérez to third Eddie Nealon to second
|
Batting: RHB Roberto Peńa
|
0-0: Ball 1-0: Foul Ball, location: 2F 1-1: Foul Ball, location: 2F 1-2: Foul Ball, location: 2F 1-2: Foul Ball, location: 2F 1-2: Strikes out swinging
|
Batting: RHB Mike Kennedy
|
0-0: Ball 1-0: Foul Ball, location: 2F 1-1: Foul Ball, location: 2F 1-2: Ball 2-2: Strikes out looking
|
Bottom of the 5th over - 2 run(s), 3 hit(s), 0 error(s), 3 left on base; Tulsa HS 13 - Huntsville HS 3 |
TOP OF THE 6TH |
Tulsa HS As batting - Pitching for Huntsville HS Wasps : LHP Paul Seymour
|
Batting: RHB C.J. Pinnock
|
0-0: Ball 1-0: Swinging Strike 1-1: SINGLE (Line Drive, 8RS)
|
Batting: SHB Walt Gómez
|
0-0: Called Strike 0-1: Called Strike 0-2: Ball 1-2: Strikes out looking
|
Batting: LHB Ed Ballard
|
0-0: Called Strike 0-1: Foul Ball, location: 2F 0-2: Ball 1-2: Foul Ball, location: 2F 1-2: Foul Ball, location: 2F 1-2: Fly out, F7 (Flyball, 7LSF)
|
Batting: LHB Matt Clark
|
0-0: Called Strike 0-1: Foul Ball, location: 2F 0-2: Ball 1-2: Foul Ball, location: 2F 1-2: Foul Ball, location: 2F 1-2: Ball 2-2: Ball 3-2: Foul Ball, location: 2F 3-2: SINGLE (Groundball, 4MD) C.J. Pinnock to second C.J. Pinnock to third
|
Batting: RHB Grant Kelly
|
0-0: Ball 1-0: Fly out, F4 (Popup, 34D)
|
Top of the 6th over - 0 run(s), 2 hit(s), 0 error(s), 2 left on base; Tulsa HS 13 - Huntsville HS 3 |
BOTTOM OF THE 6TH |
Huntsville HS Wasps batting - Pitching for Tulsa HS As : LHP Bill Howard
|
Batting: SHB José Chávez
|
0-0: Ball 1-0: Called Strike 1-1: Called Strike 1-2: Ball 2-2: Ball 3-2: Strikes out swinging
|
Pitching: RHP Joe Carver
|
|
Batting: RHB Esteban Garza
|
0-0: Ball 1-0: Ball 2-0: Called Strike 2-1: Ball 3-1: Foul Ball, location: 2F 3-2: DOUBLE (Flyball, 8LD)
|
Batting: RHB Christian Porter
|
0-0: Called Strike 0-1: SINGLE (Groundball, 3S) (infield hit) Esteban Garza to third
|
Batting: RHB Jesse Pérez
|
0-0: Called Strike 0-1: Ball Christian Porter is caught stealing 2nd base 1-1: Swinging Strike 1-2: Foul Ball, location: 2F 1-2: Reached on error, E6 (Groundball, 6) Esteban Garza scores
|
Batting: LHB Eddie Nealon
|
0-0: Ball 1-0: Called Strike 1-1: Ground out 3-1 (Groundball, 34)
|
Bottom of the 6th over - 1 run(s), 2 hit(s), 1 error(s), 1 left on base; Tulsa HS 13 - Huntsville HS 4 |
TOP OF THE 7TH |
Tulsa HS As batting - Pitching for Huntsville HS Wasps : LHP Paul Seymour
|
Batting: LHB Edgar López
|
0-0: Foul Ball, location: 2F 0-1: Swinging Strike 0-2: Strikes out looking
|
Batting: LHB Tim Black
|
0-0: Ball 1-0: Ball 2-0: Ball 3-0: Called Strike 3-1: Base on Balls
|
Pitching: RHP Terrence Johnson
|
|
Batting: RHB Joe Lord
|
0-0: Ball 1-0: Swinging Strike 1-1: Fly out, F9 (Flyball, 9LM)
|
Batting: SHB Daniel Lee
|
0-0: Ball 1-0: Ball 2-0: Ball 3-0: Base on Balls Tim Black to second
|
Batting: RHB C.J. Pinnock
|
0-0: Fly out, F8 (Flyball, 8RM)
|
Top of the 7th over - 0 run(s), 0 hit(s), 0 error(s), 2 left on base; Tulsa HS 13 - Huntsville HS 4 |
BOTTOM OF THE 7TH |
Huntsville HS Wasps batting - Pitching for Tulsa HS As : RHP Joe Carver
|
Batting: RHB Jim Mak
|
0-0: Called Strike 0-1: Swinging Strike 0-2: Ball 1-2: Ball 2-2: Foul Ball, location: 2F 2-2: Foul Ball, location: 2F 2-2: Fly out, F8 (Flyball, 8RS)
|
Batting: RHB Peyton Ryan
|
0-0: Ball 1-0: Ball 2-0: Foul Ball, location: 2F 2-1: Foul Ball, location: 2F 2-2: Ball 3-2: SINGLE (Groundball, 6) (infield hit)
|
Batting: RHB Roberto Peńa
|
0-0: Called Strike 0-1: Foul Ball, location: 2F 0-2: Ball 1-2: Ball 2-2: Ball 3-2: Foul Ball, location: 2F 3-2: Base on Balls Peyton Ryan to second
|
Batting: RHB Mike Kennedy
|
0-0: Foul Ball, location: 2F 0-1: Ball 1-1: Swinging Strike 1-2: Foul Ball, location: 2F 1-2: Foul Ball, location: 2F 1-2: Ball 2-2: Strikes out swinging
|
Batting: SHB José Chávez
|
0-0: Called Strike 0-1: SINGLE (Line Drive, 8RS) Peyton Ryan to third Roberto Peńa to second
|
Batting: RHB Esteban Garza
|
0-0: Ball 1-0: Foul Ball, location: 2F 1-1: Ground out 6-3 (Groundball, 56)
|
Bottom of the 7th over - 0 run(s), 2 hit(s), 0 error(s), 3 left on base; Tulsa HS 13 - Huntsville HS 4 |
TOP OF THE 8TH |
Tulsa HS As batting - Pitching for Huntsville HS Wasps : RHP Terrence Johnson
|
Batting: SHB Walt Gómez
|
0-0: Ball 1-0: Swinging Strike 1-1: Ball 2-1: Ball 3-1: Called Strike 3-2: Fly out, F8 (Flyball, 78M)
|
Batting: LHB Ed Ballard
|
0-0: SOLO HOME RUN (Flyball, 9D), Distance : 389 ft
|
Batting: LHB Matt Clark
|
0-0: Called Strike 0-1: Foul Ball, location: 2F 0-2: Strikes out swinging
|
Batting: RHB Grant Kelly
|
0-0: Called Strike 0-1: Ball 1-1: Swinging Strike 1-2: Foul Ball, location: 2F 1-2: Ball 2-2: Foul Ball, location: 2F 2-2: Fly out, F8 (Flyball, 8RS)
|
Top of the 8th over - 1 run(s), 1 hit(s), 0 error(s), 0 left on base; Tulsa HS 14 - Huntsville HS 4 |
BOTTOM OF THE 8TH |
Huntsville HS Wasps batting - Pitching for Tulsa HS As : RHP Joe Carver
|
Batting: RHB Christian Porter
|
0-0: Foul Ball, location: 2F 0-1: Ball 1-1: Ground out U3 (Groundball, 3L)
|
Pitching: LHP Terry Parker
|
|
Batting: RHB Jesse Pérez
|
0-0: Ball 1-0: Fly out, F8 (Flyball, 8RM)
|
Batting: LHB Eddie Nealon
|
0-0: Called Strike 0-1: Called Strike 0-2: Ball 1-2: Ball 2-2: Strikes out swinging
|
Bottom of the 8th over - 0 run(s), 0 hit(s), 0 error(s), 0 left on base; Tulsa HS 14 - Huntsville HS 4 |
TOP OF THE 9TH |
Tulsa HS As batting - Pitching for Huntsville HS Wasps : RHP Terrence Johnson
|
Batting: LHB Edgar López
|
0-0: Called Strike 0-1: Ball 1-1: Ball 2-1: Foul Ball, location: 2F 2-2: Ball 3-2: Foul Ball, location: 2F 3-2: Base on Balls
|
Batting: LHB Tim Black
|
0-0: Ball 1-0: Ball 2-0: Ball 3-0: Base on Balls Edgar López to second
|
Batting: RHB Joe Lord
|
0-0: Fly out, F8 (Flyball, 8LM)
|
Batting: SHB Daniel Lee
|
0-0: Called Strike 0-1: Foul Ball, location: 2F 0-2: Foul Ball, location: 2F 0-2: Ball 1-2: SINGLE (Flyball, 7LM) Edgar López to third Tim Black to second
|
Pinch Hitting: RHB Bobby Howard
|
0-0: Ball 1-0: Ball 2-0: Called Strike 2-1: Foul Ball, location: 2F 2-2: Ball 3-2: GRAND SLAM HOME RUN (Flyball, 8LXD), Distance : 444 ft
|
Batting: SHB Walt Gómez
|
0-0: Foul Ball, location: 2F 0-1: Called Strike 0-2: Ball 1-2: Strikes out swinging
|
Batting: LHB Ed Ballard
|
0-0: Ball 1-0: SINGLE (Flyball, 78S)
|
Batting: LHB Matt Clark
|
0-0: Ball Ed Ballard steals 2nd base 1-0: SINGLE (Groundball, 4MD) Ed Ballard to third Runner from 3rd tries for Home, SAFE, no throw
|
Batting: RHB Grant Kelly
|
0-0: Ball 1-0: Ball 2-0: Foul Ball, location: 2F 2-1: SINGLE (Line Drive, 6D) Matt Clark to second
|
Batting: LHB Edgar López
|
0-0: Ball 1-0: Foul Ball, location: 2F 1-1: Called Strike 1-2: Ball 2-2: Ball 3-2: Base on Balls Matt Clark to third Grant Kelly to second
|
Pitching: RHP Jorge Cortéz
|
|
Batting: LHB Tim Black
|
0-0: Called Strike 0-1: Ball 1-1: Foul Ball, location: 2F 1-2: Foul Ball, location: 2F 1-2: Ball 2-2: Ball 3-2: Foul Ball, location: 2F 3-2: Base on Balls Matt Clark scores Grant Kelly to third Edgar López to second
|
Batting: RHB Joe Lord
|
0-0: Ball 1-0: Called Strike 1-1: Swinging Strike 1-2: Ball 2-2: SINGLE (Line Drive, 78M) Grant Kelly scores Edgar López to third Tim Black to second Runner from 3rd tries for Home, SAFE, no throw
|
Batting: SHB Daniel Lee
|
0-0: Ball 1-0: Ball 2-0: Ball 3-0: Base on Balls Tim Black to third Joe Lord to second
|
Batting: RHB Bobby Howard
|
0-0: Ball 1-0: Swinging Strike 1-1: Ball Wild Pitch! Tim Black scores Joe Lord to third Daniel Lee to second 2-1: Swinging Strike 2-2: Ball 3-2: Strikes out swinging
|
Top of the 9th over - 9 run(s), 6 hit(s), 0 error(s), 2 left on base; Tulsa HS 23 - Huntsville HS 4 |
BOTTOM OF THE 9TH |
Huntsville HS Wasps batting - Pitching for Tulsa HS As : LHP Terry Parker
|
Now at 1B: Bobby Howard
|
|
Batting: RHB Jim Mak
|
0-0: Foul Ball, location: 2F 0-1: Called Strike 0-2: Ball 1-2: Ball 2-2: Ball 3-2: Ground out 4-3 (Groundball, 4)
|
Batting: RHB Peyton Ryan
|
0-0: Ball 1-0: Ball 2-0: Ball 3-0: Base on Balls
|
Batting: RHB Roberto Peńa
|
0-0: Ball 1-0: Swinging Strike 1-1: Foul Ball, location: 2F 1-2: Ball 2-2: Ball 3-2: Base on Balls Peyton Ryan to second
|
Batting: RHB Mike Kennedy
|
0-0: Called Strike 0-1: Called Strike 0-2: Ball 1-2: Strikes out looking
|
Batting: SHB José Chávez
|
0-0: Ball 1-0: Foul Ball, location: 2F 1-1: Ball 2-1: Ball 3-1: Called Strike 3-2: SINGLE (Flyball, 78S) Peyton Ryan to third Roberto Peńa to second Peyton Ryan scores Roberto Peńa to third
|
Batting: RHB Esteban Garza
|
0-0: Ball 1-0: Called Strike 1-1: Ball 2-1: Ball 3-1: Base on Balls José Chávez to second
|
Batting: RHB Christian Porter
|
0-0: Called Strike 0-1: Ball 1-1: Called Strike 1-2: Ball 2-2: SINGLE (Flyball, 7S) Roberto Peńa scores José Chávez to third Esteban Garza to second Runner from 3rd tries for Home, SAFE, no throw
|
Pitching: RHP Brian Gardner
|
|
Batting: RHB Jesse Pérez
|
0-0: Ball 1-0: Ball 2-0: Fly out, F8 (Flyball, 8RD)
|
Bottom of the 9th over - 3 run(s), 2 hit(s), 0 error(s), 2 left on base; Tulsa HS 23 - Huntsville HS 7 |
|